 Dungeon Crawl Stone Soup version 0.30-a0-940-ge5077277c9 (webtiles) character file.

Game seed: 4043052807432132733

36 Bnni the Digger (level 3, 26/26 HPs)
             Began as a Formicid Earth Elementalist on Mar 26, 2023.
             Was a Follower of Okawaru.
             Quit the game on level 2 of the Dungeon.
             The game lasted 00:01:56 (979 turns).

Bnni the Digger (Formicid Earth Elementalist)        Turns: 979, Time: 00:01:56

Health: 26/26      AC:  2    Str: 12    XL:     3   Next: 57%
Magic:  6/6        EV: 12    Int: 16    God:    Okawaru [*.....]
Gold:   67         SH:  0    Dex: 20    Spells: 1/7 levels left

rFire   . . .      SeeInvis +    g - +0 short sword
rCold   . . .      Faith    .    (no shield)
rNeg    . . .      Spirit   .    a - +0 robe
rPois   .          Reflect  .    (helmet unavailable)
rElec   .          Rampage  .    (no cloak)
rCorr   .                        (no gloves)
Will    .....                    (no boots)
Stlth   ++                       (no amulet)
HPRegen 0.24/turn                e - +6 ring of dexterity
MPRegen 0.10/turn                (no ring)

@: no status effects
A: permanent stasis, dig shafts and tunnels, antennae 3, four strong arms
a: Dig, Shaft Self, Renounce Religion, Heroism


You were on level 2 of the Dungeon.
You worshipped Okawaru.
Okawaru was aware of your devotion.
You visited 1 branch of the dungeon, and saw 2 of its levels.

You collected 67 gold pieces.

Inventory:

Hand Weapons
 g - a +0 short sword (weapon)
Missiles
 n - 2 poisoned darts
Armour
 a - a +0 robe (worn)
Jewellery
 d - a ring of ice
 e - a +6 ring of dexterity (left hand)
Scrolls
 c - a scroll of identify {unknown}
 l - a scroll of magic mapping {unknown}
 m - a scroll of fog {unknown}
 o - a scroll of fear {unknown}
Potions
 b - a potion of magic
 f - a potion of cancellation {unknown}
 h - a potion of attraction {unknown}
 i - a potion of heal wounds {unknown}
 j - 2 potions of mutation {unknown}
 k - a potion of lignification {unknown}


   Skills:
 + Level 1.2 Fighting
 - Level 1.7 Dodging
 - Level 2.4 Stealth
 + Level 2.5 Spellcasting
 + Level 1.7 Transmutations
 * Level 4.3 Earth Magic


You had one spell level left.
You knew the following spells:

 Your Spells              Type           Power      Damage    Failure   Level
a - Sandblast             Erth           32%        2d9       3%          1
b - Passwall              Tmut/Erth      9%         N/A       9%          2
c - Stone Arrow           Conj/Erth      18%        3d8       24%         3

Your spell library contained the following spells:

 Spells                   Type           Power      Damage    Failure   Level
 Beastly Appendage        Tmut           14%        N/A       10%         1
 Wereblood                Tmut           7%         N/A       14%         2
 Ensorcelled Hibernation  Hex/Ice        4%         N/A       30%         2
 Spider Form              Tmut/Pois      4%         N/A       38%         3
 Petrify                  Tmut/Erth      11%        N/A       50%         4
 Anguish                  Hex/Necr       1%         N/A       89%         4


Dungeon Overview and Level Annotations

Branches:
Dungeon (2/15)

Altars:
Okawaru


Innate Abilities, Weirdness & Mutations

You cannot be hasted, slowed, berserked, paralysed or teleported.
You can dig through walls and to a lower floor.
You have a pair of large antennae on your head. (SInv)
Your four strong arms can wield two-handed weapons with a shield.


Message History

Things that are here:
a +0 club; a hobgoblin corpse
Found a dagger.
Things that are here:
a +0 dagger; 3 gold pieces
Aiming: Sandblast (safe; 3% risk of failure)
Press: ? - help, Q - select action, (/) - cycle Shift-Dir - straight line, f - rat
Aim: a rat (82% to hit)
The blast of sand hits the rat!
You kill the rat!
Unknown command.
You now have 67 gold pieces (gained 3).
You see here a +0 dagger.
o - a scroll labelled TABUN ZUUWOCA
Found a stone staircase leading down.
You sense a monster nearby.
There is a stone staircase leading down here.
A goblin comes into view. It is wielding a +0 club.
A goblin is nearby!
No reachable target in view!
No reachable target in view!
A goblin is nearby!
A goblin is nearby!
A goblin is nearby!
The goblin shouts!
Aiming: Sandblast (safe; 3% risk of failure)
Press: ? - help, Q - select action, (/) - cycle Shift-Dir - straight line, f - goblin
Aim: a goblin, wielding a +0 club (77% to hit)
The blast of sand hits the goblin!
You kill the goblin!
Unknown command.
You open the door.
Found a faded altar of an unknown god.
There is an open door here.
There is a faded altar of an unknown god here.
This altar belongs to (a) Lugonu, (b) Okawaru or (c) Cheibriados, but you can't tell which.
Press the corresponding letter to learn more about a god, or press enter to convert or escape to cancel.
Okawaru accepts your prayer! Okawaru welcomes you!
You can now gain great but temporary skills.
Are you sure you want to abandon this character and quit the game? (Confirm with "yes".)

.......>###########
..###.#.##........#
{#.#.........#.# #
#####.8.8...#
#...#'#.#).#
#...#.#....#
#.###.###..#
...#8...8#..# {
....#..@..# .# .##
#8...8# # ###.###
#.# {#+#


There were no monsters in sight!

Vanquished Creatures
  An adder (D:2)
  2 ball pythons (D:2)
  3 goblins
  2 hobgoblins (D:2)
  2 jackals (D:1)
  6 bats (D:1)
  A frilled lizard (D:2)
  4 kobolds
  7 rats
28 creatures vanquished.

Notes
Turn   | Place    | Note
-------+----------+-------------------------------------------
     0 | D:1      | Bnni the Formicid Earth Elementalist began the quest for
                  | the Orb.
     0 | D:1      | Reached XP level 1. HP: 13/13 MP: 3/3
   192 | D:1      | Reached XP level 2. HP: 20/20 MP: 3/5
   480 | D:1      | Reached skill level 4 in Earth Magic
   717 | D:2      | Reached skill level 1 in Fighting
   717 | D:2      | Reached XP level 3. HP: 26/26 MP: 4/6
   817 | D:2      | Learned a level 2 spell: Passwall
   821 | D:2      | Learned a level 3 spell: Stone Arrow
   972 | D:2      | Found a faded altar of an unknown god.
   978 | D:2      | Prayed at the altar of an unknown god.
   978 | D:2      | Became a worshipper of Warmaster Okawaru
   978 | D:2      | Reached * piety under Okawaru
   979 | D:2      | Quit the game

Illustrated notes

Levels and vault maps discovered:
D:1:      dpeg_arrival_rhombi, layout_rooms, kennysheep_decorative_pillar,
          nicolae_concentric_dashed_squares_mild
D:2:      layout_basic, dreamdust_ecumenical_altar_angels_and_demons,
          minmay_misc_feat_doors

Skill      XL: |  1  2 |
---------------+-------+-----
Earth Magic    | 4 |  4.3
Fighting       | 1 |  1.2
Dodging        | |  1.7
Stealth        | |  2.4
Spellcasting   | |  2.5
Transmutations | |  1.7

Action                     || total
---------------------------++-------
  Melee: Short sword       ||     2
   Cast: Sandblast         ||    40
 Armour: Robe              ||     6
  Dodge: Dodged            ||     9

Table legend: (Time is in decaauts)
 A = Elapsed time spent in this place.
 B = Non-inter-level travel time spent in this place.
 C = Inter-level travel time spent in this place.
 D = Time resting spent in this place.
 E = Time spent auto-exploring this place.
 F = Levels seen in this place.
 G = Mean time per level.
                   A        B        C        D        E       F      G
               +--------+--------+--------+--------+--------+-----+--------+
         Total |    997 |    977 |     20 |     30 |    758 |   2 |  498.5 |
       Dungeon |    997 |    977 |     20 |     30 |    758 |   2 |  498.5 |
               +--------+--------+--------+--------+--------+-----+--------+

Top non-repeatable levels by time:
     D:1: 558 daAuts
     D:2: 439 daAuts
